 Dungeon Crawl Stone Soup version 0.29.0-4-gdea44cf6ec (webtiles) character file.

Game seed: 2467536642696855955

220 qw the Chopper (level 5, -2/30 HPs)
             Began as a Tengu Warper on Aug 29, 2022.
             Slain by an orc
             ... wielding a +0 flail
              (3 damage)
             ... on level 3 of the Dungeon.
             The game lasted 00:02:14 (2894 turns).

qw the Chopper (Tengu Warper)                       Turns: 2894, Time: 00:02:15

Health: -2/30      AC:  6    Str: 13    XL:     5   Next: 97%
Magic:  0/9        EV: 12    Int: 14    God:
Gold:   128        SH:  4    Dex: 13    Spells: 8/8 levels left

rFire   . . .      SeeInvis +   m - +0 hand axe (vamp)
rCold   . . .      Faith    .   a - +0 buckler
rNeg    . . .      Spirit   +   e - +0 ring mail
rPois   .          Reflect  .   (helmet restricted)
rElec   .          Harm     .   (no cloak)
rCorr   .          Rampage  .   g - +0 pair of gloves
Will    .....                   (boots unavailable)
Stlth   +.........              f - amulet of guardian spirit
HPRegen 0.10/turn               i - ring of see invisible
MPRegen 0.11/turn               (no ring)

@: flying quickly and evasively, quick
A: beak, talons 3, nimble flight
a: no special abilities


You were on level 3 of the Dungeon.
You visited 1 branch of the dungeon, and saw 3 of its levels.

You collected 128 gold pieces.


Innate Abilities, Weirdness & Mutations

You have a beak for a mouth.
You have claws for feet.
Your magical nature lets you fly swiftly and evasively.


   Skills:
 - Level 2.0 Fighting
 + Level 5.8 Axes
 - Level 1.0 Throwing
 - Level 1.1 Armour
 - Level 2.1 Dodging
 - Level 2.5 Shields
 - Level 2.0 Spellcasting
 - Level 2.4 Translocations


You had 8 spell levels left.
You didn't know any spells.
Your spell library contained the following spells:

 Spells                   Type           Power      Damage    Failure   Level
 Blink                    Tloc           16%        N/A       36%         2
 Gell's Gravitas          Tloc           8%         N/A       61%         3
 Lesser Beckoning         Tloc           8%         N/A       61%         3
 Teleport Other           Tloc           8%         N/A       61%         3
 Manifold Assault         Tloc           8%         N/A       100%        5

Inventory:

Hand Weapons
 m - a +0 vampiric hand axe (weapon)
 n - a +0 flail
Armour
 a - a +0 buckler (worn)
 e - a +0 ring mail (worn)
 g - a +0 pair of gloves (worn)
 j - a +0 chain mail
 l - a +0 scale mail
Jewellery
 f - an amulet of guardian spirit (around neck)
 i - a ring of see invisible (left hand)
 k - a ring of ice
 q - a +4 ring of evasion
Scrolls
 b - a scroll of identify
 d - a scroll of summoning {unknown}
Potions
 c - 3 potions of degeneration {unknown}
 h - a potion of curing
 o - a potion of might
 p - a potion of haste

Dungeon Overview and Level Annotations

Branches:
Dungeon (3/15)

Altars:
Sif Muna
Trog


Message History

The orc is severely wounded.
You hit the gnoll.
You feel better.
You hit the orc.
You feel better.
You closely miss the orc. The orc hits you with a +0 flail.
The gnoll closely misses you. The gnoll barely misses you.
You block the gnoll's attack. You block the orc's attack.
The gnoll hits you from afar with a +0 spear.
The orc hits you but does no damage.
You hit the orc.
You feel better.
You kill the orc!
You barely miss the orc. You hit the orc. You hit the gnoll.
The orc completely misses you. The gnoll barely misses you.
You block the orc's attack. The gnoll completely misses you.
The gnoll hits you but does no damage. The gnoll hits you with a +0 halberd.
You barely miss the gnoll. You claw the gnoll. You peck the gnoll.
The gnoll is almost dead.
You barely miss the orc. You hit the orc.
You feel better.
You closely miss the orc. The orc hits you with a +0 flail.
The orc hits you but does no damage. The gnoll closely misses you.
You block the gnoll's attack. The orc hits you but does no damage.
The gnoll hits you from afar with a +0 spear.
The gnoll closely misses you.
You hit the gnoll.
You feel better.
You kill the gnoll!
You hit the orc but do no damage. You barely miss the orc.
You closely miss the orc. The orc closely misses you.
The gnoll closely misses you. You block the gnoll's attack.
The orc barely misses you.
The gnoll hits you from afar with a +0 spear!
The gnoll hits you from afar with a +0 spear.
The orc closely misses you. The gnoll barely misses you.
The orc closely misses you.
The gnoll hits you from afar with a +0 spear.
The orc hits you but does no damage. The gnoll closely misses you.
You hit the orc but do no damage. Your peck misses the orc.
The orc is almost dead.
You closely miss the orc. You barely miss the orc. You hit the gnoll.
The orc hits you with a +0 flail.
You die...

~~~~~~....~~~~~~~
~~~~~~....~~~~~~~
~~~~~~....~~~~~~~
.................
######''''######
#....#######
+....'.....+
#....#######
##o@##
....gOoogo.....
.....gggo.$....
......og.......
...............
######++#######


You could see an ogre, 6 gnolls and 6 orcs.

Vanquished Creatures
  A scorpion (D:3)
  An orc priest (D:3)
  2 adders
  3 gnolls (D:3)
  A white imp (D:3)
  A worm (D:2)
  9 orcs (D:3)
  A bat (D:1)
  2 giant cockroaches (D:1)
  4 goblins
  5 hobgoblins
  7 jackals
  3 quokkas
  7 ball pythons
  4 frilled lizards
  7 kobolds
  7 rats
65 creatures vanquished.

Notes
Turn   | Place    | Note
-------+----------+-------------------------------------------
     0 | D:1      | qw the Tengu Warper began the quest for the Orb.
     0 | D:1      | Reached XP level 1. HP: 12/12 MP: 4/4
     0 | D:1      | 0 ||| qw: Version: 0.1-a-89-g26bdef1
     0 | D:1      | 0 ||| qw: Game counter: 3647
     0 | D:1      | 0 ||| qw: Always use a shield: true
     0 | D:1      | 0 ||| qw: God list: Okawaru
     0 | D:1      | 0 ||| qw: Allow faded altars: false
     0 | D:1      | 0 ||| qw: Do Orc after D:15 true
     0 | D:1      | 0 ||| qw: Do second Lair branch before Depths: true
     0 | D:1      | 0 ||| qw: Lair rune preference: random
     0 | D:1      | 0 ||| qw: Plans: Normal
     0 | D:1      | 0 ||| PLANNING D:1-11
    29 | D:1      | 29 ||| Stepping ~*~*~tactically~*~*~ (stealth).
   132 | D:1      | Reached skill level 3 in Axes
   132 | D:1      | Reached XP level 2. HP: 13/17 MP: 6/6
   315 | D:1      | 315 ||| DROPPING +0 club.
   409 | D:1      | 409 ||| Stepping ~*~*~tactically~*~*~ (stealth).
   531 | D:1      | Reached XP level 3. HP: 16/21 MP: 7/7
   621 | D:1      | 621 ||| Stepping ~*~*~tactically~*~*~ (stealth).
   622 | D:1      | 622 ||| Stepping ~*~*~tactically~*~*~ (stealth).
  1052 | D:1      | Reached skill level 4 in Axes
  1244 | D:1      | 1244 ||| UPGRADING to +0 ring mail.
  1254 | D:1      | 1254 ||| DROPPING +0 leather armour.
  1255 | D:1      | 1255 ||| UPGRADING to +0 pair of gloves.
  1260 | D:1      | 1260 ||| UPGRADING to amulet of guardian spirit.
  1265 | D:1      | 1265 ||| UPGRADING to ring of see invisible.
  1266 | D:1      | 1266 ||| READING scroll labelled DINOASESSE.
  1267 | D:1      | 1267 ||| DROPPING scroll of blinking.
  1297 | D:2      | 1297 ||| STAIRDANCE
  1302 | D:2      | 1302 ||| STAIRDANCE
  1319 | D:2      | 1319 ||| STAIRDANCE
  1712 | D:2      | 1712 ||| Stepping ~*~*~tactically~*~*~ (stealth).
  2302 | D:2      | 2302 ||| UPGRADING to +0 buckler.
  2307 | D:2      | 2307 ||| READING 4 scrolls labelled SETUAR LEEFORR.
  2308 | D:2      | 2308 ||| READING scroll labelled ICUEM PAOBOMASAIH.
  2309 | D:2      | 2309 ||| READING scroll labelled CIESCH SULLURPH.
  2310 | D:2      | 2310 ||| READING scroll labelled BAQAUL IDYZAU.
  2311 | D:2      | 2311 ||| READING scroll labelled HUV MOCAUTZ.
  2312 | D:2      | 2312 ||| DRINKING 3 ruby potions.
  2313 | D:2      | 2313 ||| DRINKING 2 fizzy blue potions.
  2314 | D:2      | 2314 ||| READING 3 scrolls of identify.
  2314 | D:2      | 2314 ||| IDENTIFYING grey potion
  2315 | D:2      | 2315 ||| READING 2 scrolls of identify.
  2315 | D:2      | 2315 ||| IDENTIFYING murky dark potion
  2350 | D:3      | Reached XP level 4. HP: 26/26 MP: 8/8
  2361 | D:3      | Noticed a scorpion
  2369 | D:3      | Killed a scorpion
  2370 | D:3      | Gained mutation: Your magical nature lets you fly swiftly
                  | and evasively. [Tengu growth]
  2370 | D:3      | Reached XP level 5. HP: 26/30 MP: 7/9
  2465 | D:3      | 2465 ||| SWAPPING to +0 vampiric hand axe.
  2476 | D:3      | 2476 ||| DROPPING +0 spectral hand axe.
  2484 | D:3      | 2484 ||| DROPPING +0 whip.
  2538 | D:3      | Reached skill level 5 in Axes
  2546 | D:3      | 2546 ||| Stepping ~*~*~tactically~*~*~ (hiding).
  2561 | D:3      | HP: 6/30 [poisoned by an orc]
  2562 | D:3      | 2562 ||| DRINKING potion of heal wounds.
  2567 | D:3      | HP: 7/30 [kobold/+0 dagger (1)]
  2570 | D:3      | HP: 3/30 [poisoned by an orc]
  2571 | D:3      | 2571 ||| DRINKING 2 potions of curing.
  2571 | D:3      | 2571 ||| (to cure poison)
  2730 | D:3      | Found a shimmering blue altar of Sif Muna.
  2741 | D:3      | 2741 ||| Stepping ~*~*~tactically~*~*~ (stealth).
  2742 | D:3      | 2742 ||| Stepping ~*~*~tactically~*~*~ (stealth).
  2745 | D:3      | 2745 ||| Stepping ~*~*~tactically~*~*~ (stealth).
  2746 | D:3      | 2746 ||| Stepping ~*~*~tactically~*~*~ (stealth).
  2748 | D:3      | 2748 ||| Stepping ~*~*~tactically~*~*~ (stealth).
  2749 | D:3      | Found a bloodstained altar of Trog.
  2884 | D:3      | Noticed an ogre
  2893 | D:3      | HP: 6/30 [gnoll/+0 spear (7)]
  2893 | D:3      | HP: 1/30 [gnoll/+0 spear (2)]
  2894 | D:3      | Slain by an orc

Levels and vault maps discovered:
D:1:      heliophobic_arrival_glass_houses, layout_basic, minivault_25,
          kennysheep_minor_cross, minmay_ruptured
D:2:      layout_basic
D:3:      lemuel_castle_with_subvaults [lemuel_castle_interior_original],
          layout_basic, nzn_overflow_gifts_of_might_and_magic

Skill      XL: |  1  2  3  4  5 |
---------------+----------------+-----
Axes           | 3 4 5 |  5.8
Shields        | 2 |  2.5
Fighting       | |  2.0
Throwing       | |  1.0
Armour         | |  1.1
Dodging        | |  2.1
Spellcasting   | |  2.0
Translocations | |  2.4

Action                   |  1- 3 |  4- 6 || total
-------------------------+-------+-------++-------
Melee: Hand axe          |    88 |    77 ||   165
       Kick              |    19 |    17 ||    36
       Peck              |    12 |    16 ||    28
Throw: Boomerang         |     7 |       ||     7
  Use: Scroll            |     8 |       ||     8
       Potion            |     2 |     2 ||     4
Armor: Leather armour    |    17 |       ||    17
       Ring mail         |    11 |    19 ||    30
Dodge: Dodged            |    50 |    58 ||   108
Block: Buckler           |       |    18 ||    18

Table legend:
 A = Non-vault XP
 B = Vault XP
 C = Vault XP percentage of total XP
 D = Non-vault monster count
 E = Vault monster count
 F = Vault count percentage of total count
                 A         B        C        D         E       F
            +---------+---------+-------+---------+---------+-------
      Total |     204 |     111 |  35.2 |      51 |      14 |  21.5
            +---------+---------+-------+---------+---------+-------
        D:1 |      45 |       4 |   8.2 |      27 |       3 |  10.0
        D:2 |      32 |       0 |   0.0 |      10 |       0 |   0.0
        D:3 |     127 |     107 |  45.7 |      14 |      11 |  44.0
            +---------+---------+-------+---------+---------+-------
